 Dungeon Crawl Stone Soup version 0.32-a0-329-ge6c31236d6 (webtiles) character file.

Game seed: 14978279888537050507

348 Bravepunisher the Nimble (level 6, 0/33 HPs)
             Began as a Spriggan Monk on Feb 16, 2024.
             Slain by a killer bee (1 damage)
             ... on level 7 of the Dungeon.
             The game lasted 00:06:53 (1993 turns).

Bravepunisher the Nimble (Spriggan Monk)            Turns: 1993, Time: 00:06:59

Health: 0/33       AC:  3    Str:  4 (7)  XL:     6   Next: 33%
Magic:  7/7        EV: 22    Int:  9 (11) God:
Gold:   156        SH:  0    Dex: 18 (20) Spells: 5/5 levels left

rFire   . . .        h - +2 falchion (flame)
rCold   . . .        (no shield)
rNeg    . . .        b - +0 robe
rPois   .            (helmet restricted)
rElec   .            g - +0 cloak
rCorr   .            (gloves unavailable)
SInv    +            (boots unavailable)
Will    ++...        (no amulet)
Stlth   ++           (no ring)
HPRegen 0.25/turn    (no ring)
MPRegen 0.10/turn

%: no passive effects
@: lethally poisoned (0 -> -7), enlightened, flying, very quick
A: very small, no large weapons, unfitting armour, see invisible, speed 3
a: Convert to Beogh


You were on level 7 of the Dungeon.
You visited 1 branch of the dungeon, and saw 7 of its levels.

You collected 156 gold pieces.

Inventory:

Hand Weapons
 h - a +2 falchion of flaming (weapon)
Armour
 b - a +0 robe (worn)
 g - a +0 cloak (worn)
Scrolls
 i - a scroll of poison {unknown}
 j - a scroll of silence {unknown}
 l - a scroll of identify {unknown}
Potions
 c - a potion of ambrosia
 d - 4 potions of might {unknown}
 e - a potion of curing {unknown}
 k - a potion of heal wounds {unknown}
 m - a potion of attraction {unknown}


   Skills:
 + Level 3.9 Fighting
 - Level 3.2 Short Blades
 * Level 8.0 Dodging


You had 5 spell levels left.
You didn't know any spells.
Your spell library contained the following spells:

 Spells                   Type           Power      Damage    Failure   Level
 Freeze                   Ice            0%         1d3       38%         1
 Frozen Ramparts          Ice            0%         1d1       77%         3
 Hailstorm                Conj/Ice       0%         3d5       77%         3


Dungeon Overview and Level Annotations

Branches:
Dungeon (7/15)
 Temple: D:4-7

Altars:
Gozag
Xom

Annotations:
D:4 Menkaure
D:5 2 transporters, Juicyj's ghost, novice MDFi
D:6 Prince Ribbit


Innate Abilities, Weirdness & Mutations

You are very small and have problems with some larger weapons.
You are too small for most types of armour.
You have supernaturally acute eyesight. (SInv)
You cover ground extremely quickly. (Speed+++)


Message History

The killer bee stings you but does no damage.
The killer bee attacks as it pursues you!
The killer bee stings you!
You are poisoned.
The killer bee poisons you!
You hit the killer bee but do no damage.
You feel very sick. The killer bee misses you.
The killer bee barely misses you.
You hit the killer bee. You burn the killer bee.
The killer bee is lightly wounded.
You feel sick. The killer bee stings you!
You are more poisoned.
The killer bee poisons you! The killer bee closely misses you.
The killer bee misses you.
You hit the killer bee. You burn the killer bee.
The killer bee is heavily wounded.
You feel very sick. The killer bee closely misses you.
The killer bee barely misses you.
The orc priest threatens, "Beogh's wrath is as vast as their mercy.
Make your choice!" (press Y on the ability menu to convert to Beogh) It was a potion of enlightenment.
You feel very buoyant.
You fly up into the air.
You feel sick. The killer bee misses you.
The killer bee stings you but does no damage.
The orc priest looks satisfied for a moment.
You miss the killer bee.
The killer bee is heavily wounded.
You feel sick. The killer bee stings you.
* * * LOW HITPOINT WARNING * * *
You are lethally poisoned!
The killer bee poisons you! The killer bee stings you.
* * * LOW HITPOINT WARNING * * *
The killer bee completely misses you.
It was a potion of degeneration.
There was something very wrong with that liquid.
You feel weakened.
You feel dopey.
You feel clumsy.
* * * LOW HITPOINT WARNING * * *
You feel very sick. The killer bee stings you.
You die...

#.#
##...##..#
... #..#
##.# ..
...#####.##
#.........#
#
##...####.#
# #. #.# .
## #####.#
#..##...o.#
#...@y#####
.......###
...#... .
#... #..#.
#....# ....
. .### .


You could see a killer bee and an orc priest.

Vanquished Creatures
  A bullfrog (D:5)
  A scorpion (D:5)
  A howler monkey (D:6)
  A jelly (D:6)
  A hound (D:5)
  An orc wizard (D:5)
  An iguana (D:6)
  2 ribbon worms (D:2)
  11 orcs
  3 ball pythons (D:2)
  5 bats
  A goblin (D:2)
  4 hobgoblins
  4 kobolds
  A rat (D:2)
38 creatures vanquished.

Notes
Turn   | Place    | Note
-------+----------+-------------------------------------------
     0 | D:1      | Bravepunisher the Spriggan Monk began the quest for the
                  | Orb.
     0 | D:1      | Reached XP level 1. HP: 11/11 MP: 2/2
   161 | D:1      | Reached XP level 2. HP: 16/16 MP: 3/3
   394 | D:2      | Reached skill level 5 in Dodging
   465 | D:2      | Reached XP level 3. HP: 19/19 MP: 4/4
   593 | D:3      | Noticed an ogre
   654 | D:4      | Noticed a phantom
   658 | D:4      | Noticed Menkaure
   663 | D:4      | Found an opulent altar of Gozag.
   748 | D:4      | Noticed an ogre
   772 | D:5      | Entered Level 5 of the Dungeon
   787 | D:5      | Found a transporter.
   789 | D:5      | Noticed Juicyj's ghost (novice MDFi)
   791 | D:5      | Noticed a centaur
   801 | D:5      | Found a transporter.
   885 | D:5      | Noticed a bullfrog
   894 | D:5      | Killed a bullfrog
   895 | D:5      | Reached skill level 6 in Dodging
   895 | D:5      | Reached XP level 4. HP: 22/24 MP: 5/5
  1095 | D:5      | Noticed a scorpion
  1166 | D:6      | Noticed a scorpion
  1240 | D:5      | Reached XP level 5. HP: 28/28 MP: 6/6
  1270 | D:5      | Identified the +1 mace of Wondrous Power {protect, Dex+2}
  1488 | D:4      | Reached skill level 7 in Dodging
  1804 | D:5      | Noticed a black bear
  1844 | D:6      | Reached XP level 6. HP: 29/33 MP: 7/7
  1920 | D:6      | Reached skill level 8 in Dodging
  1946 | D:6      | Noticed Prince Ribbit
  1965 | D:7      | Found a shimmering altar of Xom.
  1993 | D:7      | HP: 1/33 [poisoned by a killer bee]
  1993 | D:7      | Slain by a killer bee

Illustrated notes

Levels and vault maps discovered:
D:1:      sevenhm_arrival_forest_fort_large_2, layout_loops_cross
D:2:      layout_loops_ring
D:3:      minmay_chambers_of_twos, layout_basic, nemelex_dance_club_becter,
          evilmike_ruin_ashenzari, cheibrodos_sewer_entry_sluice
D:4:      minmay_angry_zag, layout_loops_ring, kennysheep_mini_moat,
          makhleb_heckhound_becter, kennysheep_opposing_triangles, uniq_menkaure
D:5:      layout_loops_corners, gammafunk_ghost_arena,
          hangedman_abyss_or_decor_passed, kennysheep_nub,
          minmay_misc_feat_rugged
D:6:      layout_basic, uniq_prince_ribbit1
D:7:      layout_layer_cave, nicolae_overflow_crystal_walls,
          lemuel_crystal_altar, minmay_temple_entry_mist, ebering_ghost_gozag,
          nicolae_take_the_stairs, uniq_pikel

Skill      XL: |  1  2  3  4  5  6 |
---------------+-------------------+-----
Dodging        | 5 6 7 8 |  8.0
Fighting       | 3 |  3.9
Short Blades   | |  3.2

Action                     |  1- 3 |  4- 6 || total
---------------------------+-------+-------++-------
  Melee: Short sword       |    35 |       ||    35
         Quarterstaff      |    32 |       ||    32
         Falchion          |     8 |    53 ||    61
    Use: Scroll            |     1 |       ||     1
         Potion            |       |     2 ||     2
   Stab: Sleeping          |     1 |       ||     1
 Armour: Robe              |    19 |    20 ||    39
  Dodge: Dodged            |    82 |    73 ||   155

Table legend: (Time is in decaauts)
 A = Elapsed time spent in this place.
 B = Non-inter-level travel time spent in this place.
 C = Inter-level travel time spent in this place.
 D = Time resting spent in this place.
 E = Time spent auto-exploring this place.
 F = Levels seen in this place.
 G = Mean time per level.
                   A        B        C        D        E       F      G
               +--------+--------+--------+--------+--------+-----+--------+
         Total |   1325 |   1325 |      0 |      0 |    724 |   7 |  189.3 |
       Dungeon |   1325 |   1325 |      0 |      0 |    724 |   7 |  189.3 |
               +--------+--------+--------+--------+--------+-----+--------+

Top non-repeatable levels by time:
     D:5: 559 daAuts
     D:1: 225 daAuts
     D:2: 183 daAuts
     D:4: 180 daAuts
     D:6: 116 daAuts
     D:7: 34 daAuts
     D:3: 26 daAuts
